 Dungeon Crawl Stone Soup version 0.29.0-13-gc9e81de378 (webtiles) character file.

Game seed: 2042515138296597596

106 Monkooky the Charlatan (level 4, -3/33 HPs)
             Began as a Barachi Wanderer on Sept 8, 2022.
             Was a Believer of Kikubaaqudgha.
             Slain by an ogre
             ... wielding a +0 giant spiked club
              (22 damage)
             ... on level 4 of the Dungeon on Sept 9, 2022.
             The game lasted 00:08:18 (2951 turns).

Monkooky the Charlatan (Barachi Wanderer)           Turns: 2951, Time: 00:08:19

Health: -3/33      AC:  4    Str: 14    XL:     4   Next: 84%
Magic:  5/6        EV: 11    Int: 13    God:    Kikubaaqudgha [**....]
Gold:   80         SH:  0    Dex: 12    Spells: 2/6 levels left

rFire   . . .      SeeInvis .   s - +2 whip (drain)
rCold   . . .      Faith    .   (no shield)
rNeg    . . .      Spirit   .   g - +0 leather armour
rPois   .          Reflect  .   (no helmet)
rElec   .          Harm     .   (no cloak)
rCorr   .          Rampage  .   (no gloves)
Will    .....                   w - +0 pair of boots
Stlth   ++........              (no amulet)
HPRegen 0.11/turn               (no ring)
MPRegen 0.10/turn               (no ring)

@: unable to hop, slow
A: amphibious, slowness 1, strong legs 1, +LOS
a: Hop, Renounce Religion, Unearth Wretches


You were on level 4 of the Dungeon.
You worshipped Kikubaaqudgha.
Kikubaaqudgha was pleased with you.
You visited 1 branch of the dungeon, and saw 4 of its levels.

You collected 80 gold pieces.

Inventory:

Hand Weapons
 a - a +0 dagger
 d - a +0 short sword
 s - a +2 whip of draining (weapon)
Missiles
 b - 2 atropa-tipped darts
 c - 2 datura-tipped darts
 h - 6 poisoned darts (quivered)
Armour
 g - a +0 leather armour (worn)
 l - a +0 ring mail
 w - a +0 pair of boots (worn)
Magical Staves
 v - a staff of cold
 D - a staff of death
Wands
 e - a wand of polymorph (1)
Scrolls
 f - a scroll of teleportation
 k - 2 scrolls of enchant armour {unknown}
 n - 3 scrolls of magic mapping {unknown}
 t - a scroll of blinking {unknown}
 u - a scroll of fear {unknown}
 x - a scroll of immolation {unknown}
 y - 2 scrolls of identify {unknown}
 z - a scroll of torment {unknown}
 B - a scroll of amnesia {unknown}
 C - 3 scrolls of noise {unknown}
Potions
 i - 3 potions of flight {unknown}
 j - a potion of haste {unknown}
 m - a potion of mutation {unknown}
 o - a potion of might {unknown}
 p - 2 potions of attraction {unknown}
 q - a potion of degeneration {unknown}
 A - 2 potions of brilliance {unknown}


   Skills:
 - Level 1.7 Fighting
 - Level 1.1 Short Blades
 - Level 0.2 Throwing
 - Level 1.2 Armour
 - Level 1.1 Dodging
 - Level 1.7 Stealth
 - Level 1.6 Spellcasting
 - Level 1.7 Conjurations
 * Level 0.9 Necromancy
 - Level 2.9 Fire Magic
 - Level 1.0 Invocations
 - Level 3.2 Evocations


You had 2 spell levels left.
You knew the following spells:

 Your Spells              Type           Power      Damage    Failure   Level
a - Foxfire               Conj/Fire      28%        2x1d5     12%         1
b - Vampiric Draining     Necr           3%         2d6       54%         3

Your spell library contained the following spells:

 Spells                   Type           Power      Damage    Failure   Level
 Necrotise                Necr           12%        1d4       22%         1
 Conjure Flame            Conj/Fire      7%         6-21      36%         3
 Inner Flame              Hex/Fire       4%         N/A       47%         3
 Dazzling Flash           Conj/Hex       6%         N/A       56%         3
 Portal Projectile        Hex/Tloc       2%         N/A       69%         3
 Tukima's Dance           Hex            1%         N/A       69%         3
 Flame Wave               Conj/Fire      7%         2d5       77%         4
 Animate Dead             Necr           3%         N/A       91%         4
 Iskenderun's Mystic Bla  Conj/Tloc      3%         2d3       92%         4
 Anguish                  Hex/Necr       1%         N/A       95%         4
 Blade Hands              Tmut           0%         N/A       100%        5
 Starburst                Conj/Fire      3%         6d3       100%        6


Dungeon Overview and Level Annotations

Branches:
Dungeon (4/15)
 Temple: D:4-7

Altars:
Cheibriados
Fedhas
Gozag
Kikubaaqudgha
Zin

Shops:
D:4 (

Annotations:
D:4 Eustachio


Innate Abilities, Weirdness & Mutations

You are amphibious.
You cover ground slowly.
You can hop short distances.
You have an extended range of vision and can be seen from far away.


Message History

The ogre is lightly wounded.
Throw: 10 darts (poison)
Press: ? - help, Q - select action, (/) - cycle Shift-Dir - straight line, f/p - ogre
Aim: an ogre, wielding a +0 giant spiked club (lightly wounded, 72% to hit)
You throw a poisoned dart. The poisoned dart hits the ogre.
The ogre is poisoned.
The ogre is lightly wounded.
Throw: 9 darts (poison)
Press: ? - help, Q - select action, (/) - cycle Shift-Dir - straight line, f/p - ogre
Aim: an ogre, wielding a +0 giant spiked club (lightly wounded, poisoned, 72% to hit)
You throw a poisoned dart. The poisoned dart hits the ogre.
The ogre looks even sicker.
The ogre is lightly wounded.
Throw: 8 darts (poison)
Press: ? - help, Q - select action, (/) - cycle Shift-Dir - straight line, f/p - ogre
Aim: an ogre, wielding a +0 giant spiked club (lightly wounded, very poisoned, 72% to hit)
You throw a poisoned dart. The poisoned dart hits the ogre.
The ogre looks even sicker.
The ogre is lightly wounded.
Hop to where?
Press: ? - help, Dir - move target, p - ogre Boing!
Throw: 7 darts (poison)
Press: ? - help, Q - select action, (/) - cycle Shift-Dir - straight line, f - ogre
Aim: an ogre, wielding a +0 giant spiked club (lightly wounded, very poisoned, 72% to hit)
You throw a poisoned dart.
The poisoned dart barely misses the ogre.
Casting: Foxfire (safe; 12% risk of failure)
Confirm with . or Enter, or press ? or * to list all spells.
You conjure some foxfire!
The foxfire hits the ogre.
The ogre is heavily wounded.
The foxfire hits the ogre.
The ogre is heavily wounded.
You hit the ogre.
The ogre is severely wounded.
The ogre hits you with a +0 giant spiked club!!
Ouch! That really hurt!
You die...
Kikubaaqudgha rasps: "You have failed me!
Welcome... death!"

...........####..####
#.#
##.#.........####...#
#(# ..:##..)....##
##.## #(#
######)....## #.# #(#
##.).## #.####(#
##'## #...O..# #.#
#.###### #r# ######§#
##.## #...@O§#
##...###.######
######.....##.#
............).#
########.###### #.#
#.# #.# #.#


You could see an ogre (very poisoned).

Vanquished Creatures
  A hound (D:4)
  4 adders
  A dart slug (D:3)
  5 orcs (D:3)
  An endoplasm (D:3)
  2 giant cockroaches
  A goblin (D:4)
  4 hobgoblins
  2 jackals (D:1)
  2 kobolds
  A quokka (D:4)
  5 ball pythons
  3 bats
  5 rats (D:1)
37 creatures vanquished.

Vanquished Creatures (others)
  24 foxfires
24 creatures vanquished.

Grand Total: 61 creatures vanquished

Notes
Turn   | Place    | Note
-------+----------+-------------------------------------------
     0 | D:1      | Monkooky the Barachi Wanderer began the quest for the Orb.
     0 | D:1      | Monkooky set off with the following items: a +0 dagger, 2
                  | atropa-tipped darts, 2 datura-tipped darts, a +0 short
                  | sword, a wand of polymorph (3), a scroll of teleportation,
                  | a +0 leather armour.
     0 | D:1      | Reached XP level 1. HP: 15/15 MP: 1/1
   175 | D:1      | Found a faded altar of an unknown god.
   183 | D:1      | Prayed at the altar of an unknown god.
   183 | D:1      | Became a worshipper of Kikubaaqudgha
   183 | D:1      | Reached * piety under Kikubaaqudgha
   183 | D:1      | Received a gift from Kikubaaqudgha
   296 | D:1      | Reached XP level 2. HP: 11/22 MP: 2/2
  1130 | D:2      | Learned a level 1 spell: Foxfire
  1207 | D:2      | Reached skill level 1 in Fire Magic
  1524 | D:2      | Reached XP level 3. HP: 27/27 MP: 4/4
  1775 | D:3      | Found an opulent altar of Gozag.
  2082 | D:3      | Found a glowing silver altar of Zin.
  2205 | D:3      | Reached skill level 1 in Spellcasting
  2205 | D:3      | Reached skill level 1 in Conjurations
  2205 | D:3      | Reached XP level 4. HP: 33/33 MP: 0/5
  2348 | D:3      | Found a blossoming altar of Fedhas.
  2374 | D:3      | Noticed Sigmund
  2390 | D:3      | Noticed Sigmund
  2390 | D:3      | Sigmund changed into Sigmund the ball python
  2393 | D:3      | Killed Sigmund the ball python
  2401 | D:3      | Reached ** piety under Kikubaaqudgha
  2684 | D:3      | Found a snail-covered altar of Cheibriados.
  2809 | D:4      | Found Uvuepoph's Antique Weapon Boutique.
  2849 | D:4      | Learned a level 3 spell: Vampiric Draining
  2881 | D:4      | Noticed Eustachio
  2937 | D:4      | Noticed an ogre
  2951 | D:4      | Slain by an ogre

Illustrated notes

Levels and vault maps discovered:
D:1:      dpeg_arrival_ratfight, layout_loops_corners,
          nicolae_ecumenical_snake_handling, minmay_pentomino_u2
D:2:      layout_rooms, nicolae_concentric_dashed_squares_mild,
          mrwooster_statue_mirror, lightli_corner_chamber
D:3:      layout_basic, kennysheep_slug_shrine, mainiacjoe_overflow_24_doors,
          general_overflow_altar, fedhas_altar_2, minmay_misc_feat_rows,
          uniq_sigmund
D:4:      layout_loops_corners, gup_sewer_entry_bubbles, serial_shops,
          nicolae_shop_hallway_stairs, uniq_eustachio

Skill      XL: |  1  2  3 |
---------------+----------+-----
Fire Magic     | 1 2 |  2.9
Spellcasting   | 1 |  1.6
Conjurations   | 1 |  1.7
Fighting       | |  1.7
Short Blades   | |  1.1
Throwing       | |  0.2
Armour         | |  1.2
Dodging        | |  1.1
Stealth        | |  1.7
Necromancy     | |  0.9
Invocations    | |  1.0
Evocations     | |  3.2

Action                   |  1- 3 |  4- 6 || total
-------------------------+-------+-------++-------
Melee: Dagger            |    44 |       ||    44
       Whip              |    43 |    27 ||    70
Throw: Dart              |    16 |     5 ||    21
 Cast: Foxfire           |     8 |     9 ||    17
 Abil: Hop               |       |     2 ||     2
Evoke: Wand              |       |     2 ||     2
  Use: Potion            |       |     2 ||     2
 Stab: Invisible         |       |     1 ||     1
Armor: Ring mail         |    45 |       ||    45
       Leather armour    |     3 |    12 ||    15
Dodge: Dodged            |    61 |    14 ||    75
